PAAA
ATHLETIC CLUB KC RESERVES @ CALGARY LYNX
08/20/2023
 
TOP OF THE 1ST
Athletic Club KC Reserves batting - Pitching for Calgary Lynx : RHP Willie Cameron
Pitching: RHP Willie Cameron
Batting: LHB Michael Landry 0-0: Foul Ball, location: 2F
0-1: Ball
1-1: Foul Ball, location: 2F
1-2: Ball
2-2: Foul Ball, location: 2F
2-2: SINGLE (Line Drive, 8LS)
Batting: LHB Matt Hartnett 0-0: Called Strike
0-1: Called Strike
0-2: SINGLE (Line Drive, 7LS)
Michael Landry to second
Batting: RHB Robert Hill 0-0: Foul Ball, location: 2F
0-1: Called Strike
0-2: SINGLE (Groundball, 6MD)
Michael Landry to third
Matt Hartnett to second
Batting: LHB Thatcher Douglas 0-0: Ball
1-0: Fielders Choice at 2nd, 6-4 (Groundball, 6M)
Michael Landry scores
Matt Hartnett to third
Batting: RHB Dao-zi Dai 0-0: Ball
1-0: Ball
2-0: SINGLE (Flyball, 9S)
Matt Hartnett scores
Thatcher Douglas to second
Runner from 2nd tries for 3rd, SAFE, throw made to third
Batting: LHB Eduardo López 0-0: Ball
1-0: Grounds into double play, 6-4-3 (Groundball, 6)
Top of the 1st over - 2 run(s), 4 hit(s), 0 error(s), 1 left on base; Athletic Club KC 2 - Calgary 0
BOTTOM OF THE 1ST
Calgary Lynx batting - Pitching for Athletic Club KC Reserves : LHP António Uribe
Pitching: LHP António Uribe
Batting: RHB David Ramírez 0-0: Foul Ball, location: 2F
0-1: Ball
1-1: Ball
2-1: Ball
3-1: DOUBLE (Flyball, 7LM)
Batting: RHB Pepe Medina 0-0: Ball
1-0: Called Strike
1-1: Ball
2-1: 2-RUN HOME RUN (Flyball, 9D), Distance : 365 ft
Batting: RHB Jesús Martínez 0-0: Called Strike
0-1: Called Strike
0-2: Ground out 4-3 (Groundball, 4)
Batting: LHB Rufo Flores 0-0: Ball
1-0: Called Strike
1-1: Ball
2-1: Foul Ball, location: 2F
2-2: Foul Ball, location: 2F
2-2: SINGLE (Line Drive, 56D)
Batting: SHB Eric O'Neill 0-0: Ball
1-0: Ball
2-0: Ball
3-0: Called Strike
3-1: Base on Balls
Rufo Flores to second
Batting: RHB Harris Harden 0-0: Swinging Strike
0-1: Ball
1-1: Ball
2-1: Swinging Strike
2-2: Foul Ball, location: 2F
2-2: Strikes out swinging
Batting: RHB Roberto Machado 0-0: Called Strike
0-1: Foul Ball, location: 2F
0-2: Strikes out swinging
Bottom of the 1st over - 2 run(s), 3 hit(s), 0 error(s), 2 left on base; Athletic Club KC 2 - Calgary 2
TOP OF THE 2ND
Athletic Club KC Reserves batting - Pitching for Calgary Lynx : RHP Willie Cameron
Batting: RHB Mike Lovell 0-0: Ball
1-0: Ball
2-0: SINGLE (Line Drive, 8LS)
Batting: RHB Bill Dennis 0-0: Called Strike
0-1: Grounds into double play, 4-6-3 (Groundball, 4)
Batting: RHB Javier Díaz 0-0: Ball
1-0: Ground out 2-3 (Groundball, 25)
Top of the 2nd over - 0 run(s), 1 hit(s), 0 error(s), 0 left on base; Athletic Club KC 2 - Calgary 2
BOTTOM OF THE 2ND
Calgary Lynx batting - Pitching for Athletic Club KC Reserves : LHP António Uribe
Batting: RHB Jian-zhang Phan 0-0: Called Strike
0-1: Swinging Strike
0-2: Strikes out looking
Batting: SHB Todd Schenkel 0-0: Called Strike
0-1: Ball
1-1: Ball
2-1: Foul Ball, location: 2F
2-2: Ball
3-2: Base on Balls
Batting: RHB David Ramírez 0-0: Called Strike
0-1: Swinging Strike
0-2: Strikes out looking
Batting: RHB Pepe Medina 0-0: Foul Ball, location: 2F
0-1: Ground out U3 (Groundball, 3S)
Bottom of the 2nd over - 0 run(s), 0 hit(s), 0 error(s), 1 left on base; Athletic Club KC 2 - Calgary 2
TOP OF THE 3RD
Athletic Club KC Reserves batting - Pitching for Calgary Lynx : RHP Willie Cameron
Batting: LHB Michael Landry 0-0: Ball
1-0: Called Strike
1-1: Ball
2-1: Ball
3-1: Ground out 4-3 (Groundball, 4M)
Batting: LHB Matt Hartnett 0-0: Ball
1-0: Fly out, F8 (Flyball, 8RM)
Batting: RHB Robert Hill 0-0: Fly out, F4 (Popup, 4)
Top of the 3rd over - 0 run(s), 0 hit(s), 0 error(s), 0 left on base; Athletic Club KC 2 - Calgary 2
BOTTOM OF THE 3RD
Calgary Lynx batting - Pitching for Athletic Club KC Reserves : LHP António Uribe
Batting: RHB Jesús Martínez 0-0: Ball
1-0: Ball
2-0: Swinging Strike
2-1: Ball
3-1: Swinging Strike
3-2: Foul Ball, location: 2F
3-2: Strikes out swinging
Batting: LHB Rufo Flores 0-0: Swinging Strike
0-1: Ball
1-1: Ground out 6-3 (Groundball, 6M)
Batting: SHB Eric O'Neill 0-0: Ball
1-0: Ball
2-0: Foul Ball, location: 2F
2-1: Ball
3-1: Base on Balls
Batting: RHB Harris Harden 0-0: Ball
1-0: Swinging Strike
1-1: Ball
2-1: Swinging Strike
2-2: Foul Ball, location: 2F
2-2: Foul Ball, location: 2F
2-2: Strikes out swinging
Bottom of the 3rd over - 0 run(s), 0 hit(s), 0 error(s), 1 left on base; Athletic Club KC 2 - Calgary 2
TOP OF THE 4TH
Athletic Club KC Reserves batting - Pitching for Calgary Lynx : RHP Willie Cameron
Batting: LHB Thatcher Douglas 0-0: Ball
1-0: DOUBLE (Line Drive, 89S)
Batting: RHB Dao-zi Dai 0-0: Called Strike
0-1: Ball
1-1: Foul Ball, location: 2F
1-2: Foul Ball, location: 2F
1-2: Ball
Wild Pitch!
Thatcher Douglas to third
2-2: Fly out, F8 (Flyball, 8LD)
Runner from 3rd tags up, SCORES, no throw
Batting: LHB Eduardo López 0-0: Foul Ball, location: 2F
0-1: Called Strike
0-2: Ground out 6-3 (Groundball, 6)
Batting: RHB Mike Lovell 0-0: Fly out, F9 (Line Drive, 89M)
Top of the 4th over - 1 run(s), 1 hit(s), 0 error(s), 0 left on base; Athletic Club KC 3 - Calgary 2
BOTTOM OF THE 4TH
Calgary Lynx batting - Pitching for Athletic Club KC Reserves : LHP António Uribe
Batting: RHB Roberto Machado 0-0: Called Strike
0-1: Foul Ball, location: 2F
0-2: Ball
1-2: SINGLE (Line Drive, 34)
Batting: RHB Jian-zhang Phan 0-0: SINGLE (Line Drive, 4M)
Roberto Machado to second
Batting: SHB Todd Schenkel 0-0: Called Strike
0-1: Swinging Strike
0-2: Ball
1-2: Strikes out swinging
Batting: RHB David Ramírez 0-0: Swinging Strike
0-1: Ball
1-1: Foul Ball, location: 2F
1-2: Foul Ball, location: 2F
1-2: Foul Ball, location: 2F
1-2: Ball
2-2: Foul Ball, location: 2F
2-2: Fly out, F7 (Flyball, 7D)
Pitching: RHP Jesús Hernández
Batting: RHB Pepe Medina 0-0: Foul Ball, location: 2F
0-1: Ball
1-1: Ball
2-1: Ball
3-1: Called Strike
3-2: Base on Balls
Roberto Machado to third
Jian-zhang Phan to second
Batting: RHB Jesús Martínez 0-0: Ball
1-0: Ball
Wild Pitch!
Roberto Machado scores
Jian-zhang Phan to third
Pepe Medina to second
2-0: DOUBLE (Line Drive, 8RXD)
Jian-zhang Phan scores
Pepe Medina scores
Batting: LHB Rufo Flores 0-0: Called Strike
0-1: Ball
1-1: SINGLE (Groundball, 56D)
Jesús Martínez to third
Runner from 3rd tries for Home, SAFE, no throw or cutoff
Batting: SHB Eric O'Neill 0-0: Ball
1-0: Fly out, F9 (Line Drive, 89S)
Bottom of the 4th over - 4 run(s), 4 hit(s), 0 error(s), 1 left on base; Athletic Club KC 3 - Calgary 6
TOP OF THE 5TH
Athletic Club KC Reserves batting - Pitching for Calgary Lynx : RHP Willie Cameron
Batting: RHB Bill Dennis 0-0: Called Strike
0-1: Foul Ball, location: 2F
0-2: Ball
1-2: Ball
2-2: Foul Ball, location: 2F
2-2: Ground out 4-3 (Groundball, 13)
Batting: RHB Javier Díaz 0-0: Ground out 4-3 (Groundball, 4)
Batting: LHB Michael Landry 0-0: Called Strike
0-1: Fly out, F6 (Line Drive, 6)
Top of the 5th over - 0 run(s), 0 hit(s), 0 error(s), 0 left on base; Athletic Club KC 3 - Calgary 6
BOTTOM OF THE 5TH
Calgary Lynx batting - Pitching for Athletic Club KC Reserves : RHP Jesús Hernández
Batting: RHB Harris Harden 0-0: Called Strike
0-1: Ball
1-1: Ball
2-1: Ball
3-1: Ground out 2-3 (Groundball, 2R)
Batting: RHB Roberto Machado 0-0: Called Strike
0-1: Ball
1-1: Foul Ball, location: 2F
1-2: Ball
2-2: Foul Ball, location: 2F
2-2: Fly out, F8 (Line Drive, 8RM)
Batting: RHB Jian-zhang Phan 0-0: SINGLE (Line Drive, 7LS)
Batting: SHB Todd Schenkel 0-0: Swinging Strike
0-1: Foul Ball, location: 2F
0-2: Ball
1-2: Foul Ball, location: 2F
1-2: Ball
2-2: Ball
3-2: Fly out, F8 (Line Drive, 8RM)
Bottom of the 5th over - 0 run(s), 1 hit(s), 0 error(s), 1 left on base; Athletic Club KC 3 - Calgary 6
TOP OF THE 6TH
Athletic Club KC Reserves batting - Pitching for Calgary Lynx : RHP Willie Cameron
Batting: LHB Matt Hartnett 0-0: Called Strike
0-1: Ball
1-1: Ball
2-1: Foul Ball, location: 2F
2-2: Ball
3-2: Strikes out looking
Batting: RHB Robert Hill 0-0: Ball
1-0: Ball
2-0: Called Strike
2-1: Ball
3-1: Called Strike
3-2: Foul Ball, location: 2F
3-2: Strikes out looking
Batting: LHB Thatcher Douglas 0-0: Called Strike
0-1: DOUBLE (Flyball, 7LM)
Batting: RHB Dao-zi Dai 0-0: Ball
1-0: Called Strike
1-1: Ground out 6-3 (Groundball, 6)
Top of the 6th over - 0 run(s), 1 hit(s), 0 error(s), 1 left on base; Athletic Club KC 3 - Calgary 6
BOTTOM OF THE 6TH
Calgary Lynx batting - Pitching for Athletic Club KC Reserves : RHP Jesús Hernández
Pitching: RHP Joe Ellis
Batting: RHB David Ramírez 0-0: Ball
1-0: Ball
2-0: Ball
3-0: Called Strike
3-1: Foul Ball, location: 2F
3-2: Fly out, F7 (Flyball, 78M)
Batting: RHB Pepe Medina 0-0: Ball
1-0: Called Strike
1-1: Ground out 6-3 (Groundball, 6M)
Batting: RHB Jesús Martínez 0-0: Ball
1-0: Swinging Strike
1-1: Ground out 1-3 (Groundball, 23)
Bottom of the 6th over - 0 run(s), 0 hit(s), 0 error(s), 0 left on base; Athletic Club KC 3 - Calgary 6
TOP OF THE 7TH
Athletic Club KC Reserves batting - Pitching for Calgary Lynx : RHP Willie Cameron
Batting: LHB Eduardo López 0-0: Called Strike
0-1: Ball
1-1: Ball
2-1: Ground out 4-3 (Groundball, 34)
Batting: RHB Mike Lovell 0-0: Swinging Strike
0-1: Called Strike
0-2: Ball
1-2: Strikes out swinging
Batting: RHB Bill Dennis 0-0: Swinging Strike
0-1: Called Strike
0-2: Foul Ball, location: 2F
0-2: Foul Ball, location: 2F
0-2: Fly out, F9 (Flyball, 9LM)
Top of the 7th over - 0 run(s), 0 hit(s), 0 error(s), 0 left on base; Athletic Club KC 3 - Calgary 6
BOTTOM OF THE 7TH
Calgary Lynx batting - Pitching for Athletic Club KC Reserves : RHP Joe Ellis
Batting: LHB Rufo Flores 0-0: Called Strike
0-1: Ball
1-1: Fly out, F7 (Flyball, 78M)
Batting: SHB Eric O'Neill 0-0: Ball
1-0: Fly out, F3 (Popup, 34)
Batting: RHB Harris Harden 0-0: Called Strike
0-1: Called Strike
0-2: Foul Ball, location: 2F
0-2: Ball
1-2: Foul Ball, location: 2F
1-2: Ball
2-2: Ball
3-2: SOLO HOME RUN (Flyball, 8LXD), Distance : 439 ft
Batting: RHB Roberto Machado 0-0: Ball
1-0: Ball
2-0: Ground out 4-3 (Groundball, 4)
Bottom of the 7th over - 1 run(s), 1 hit(s), 0 error(s), 0 left on base; Athletic Club KC 3 - Calgary 7
TOP OF THE 8TH
Athletic Club KC Reserves batting - Pitching for Calgary Lynx : RHP Willie Cameron
Batting: RHB Javier Díaz 0-0: Ball
1-0: Called Strike
1-1: Hit by Pitch
Batting: LHB Michael Landry 0-0: SINGLE (Line Drive, 89M)
Javier Díaz to second
Batting: LHB Matt Hartnett 0-0: Called Strike
0-1: Fly out, F6 (Popup, 56D)
Batting: RHB Robert Hill 0-0: Ball
1-0: Called Strike
1-1: Ball
2-1: Swinging Strike
2-2: Strikes out swinging
Batting: LHB Thatcher Douglas 0-0: Ball
1-0: Ground out 4-3 (Groundball, 34)
Top of the 8th over - 0 run(s), 1 hit(s), 0 error(s), 2 left on base; Athletic Club KC 3 - Calgary 7
BOTTOM OF THE 8TH
Calgary Lynx batting - Pitching for Athletic Club KC Reserves : RHP Joe Ellis
Batting: RHB Jian-zhang Phan 0-0: Fly out, F9 (Flyball, 9S)
Batting: SHB Todd Schenkel 0-0: Called Strike
0-1: Ball
1-1: Ball
2-1: Ball
3-1: Called Strike
3-2: Foul Ball, location: 2F
3-2: Base on Balls
Batting: RHB David Ramírez 0-0: Ball
1-0: SINGLE (Groundball, 4)
Todd Schenkel to second
Todd Schenkel to third
Batting: RHB Pepe Medina 0-0: Ball
1-0: Ball
2-0: Ball
3-0: Called Strike
3-1: Grounds into double play, 6-4-3 (Groundball, 6)
Bottom of the 8th over - 0 run(s), 1 hit(s), 0 error(s), 1 left on base; Athletic Club KC 3 - Calgary 7
TOP OF THE 9TH
Athletic Club KC Reserves batting - Pitching for Calgary Lynx : RHP Willie Cameron
Pitching: RHP Jim Unknown
Batting: RHB Dao-zi Dai 0-0: Ball
1-0: Called Strike
1-1: SINGLE (Groundball, 56D)
Batting: LHB Eduardo López 0-0: Ball
1-0: Ball
2-0: Ball
3-0: Base on Balls
Dao-zi Dai to second
Batting: RHB Mike Lovell 0-0: Called Strike
0-1: Ball
1-1: Called Strike
1-2: Strikes out looking
Batting: RHB Bill Dennis 0-0: Called Strike
0-1: Swinging Strike
0-2: Foul Ball, location: 2F
0-2: Foul Ball, location: 2F
0-2: Strikes out swinging
Batting: RHB Javier Díaz 0-0: Ground out 5-3 (Groundball, 5S)
Top of the 9th over - 0 run(s), 1 hit(s), 0 error(s), 2 left on base; Athletic Club KC 3 - Calgary 7
This league is powered by Out of the Park Baseball, the baseball management simulation game for PC, Mac and Linux
Friday, July 8th, 2016 - OOTP Baseball 16.9 Build 39